 Dungeon Crawl Stone Soup version 0.21.1 (webtiles) character file.

352482 komo4ek the Markshuman (level 23, -3/208 HPs)
             Began as a Human Artificer on Feb 2, 2018.
             Was the Champion of Nemelex Xobeh.
             Slain by a sun demon (9 damage)
             ... on level 3 of the Abyss on Feb 3, 2018.
             The game lasted 03:59:34 (54676 turns).

komo4ek the Markshuman (Human Artificer)           Turns: 54676, Time: 03:59:34

Health: -3/208     AC: 27    Str: 10    XL:     23   Next: 27%
Magic:  35/35      EV:  2    Int: 14    God:    Nemelex Xobeh [******]
Gold:   595        SH:  0    Dex: 17    Spells: 22/22 levels left

rFire    + . .     SeeInvis +   q - +9 longbow (flame)
rCold    x . .     Gourm    .   (shield currently unavailable)
rNeg     + + +     Faith    .   (armour currently unavailable)
rPois    +         Spirit   .   (helmet currently unavailable)
rElec    .         Reflect  .   (cloak currently unavailable)
rCorr    .         Harm     .   (gloves currently unavailable)
MR       +....     NoTele   +   (boots currently unavailable)
Stlth    ++........             C - amulet of Vitality {Regen+ HP+15}
HPRegen  0.84/turn              e - ring of see invisible
MPRegen  0.24/turn              F - ring of the Ageless Mice {Fire +Blink rPois rN++ Str-3}

@: tree-form, corroded
A: [clumsy 2], [frail 3], [MP-powered wands]
}: 2/15 runes: decaying, gossamer
a: Triple Draw, Deal Four, Stack Five, Renounce Religion, Evoke Blink


You were on level 3 of the Abyss.
You worshipped Nemelex Xobeh.
Nemelex Xobeh was exalted by your worship.
You were not hungry.
You were a tree.
You visited 8 branches of the dungeon, and saw 38 of its levels.
You visited the Abyss 1 time.
You also visited: Labyrinth and Bailey.

You collected 3801 gold pieces.
You spent 3206 gold pieces at shops.

Inventory:

Hand Weapons
 q - a +9 longbow of flaming (weapon)
Missiles
 r - 45 arrows (quivered)
Armour
 g - the +1 scale mail "Fimurch" {rPois rF- rCorr Str+3}
   (You bought it in a shop on level 8 of the Dungeon)

   It affects your strength (+3).
   It makes you vulnerable to fire.
   It protects you from poison.
   It protects you from acid and corrosion.
 J - the +6 chain mail of Loij (melded) {rC+ Str+2}
   (You bought it in a shop on level 2 of the Orcish Mines)

   It affects your strength (+2).
   It protects you from cold.
 K - a +2 pair of boots (melded)
 P - the +1 cloak of Starlight (melded) {rElec rC+ EV+4 Stlth--}
   (You bought it in a shop on level 2 of the Orcish Mines)

   It affects your evasion (+4).
   It protects you from cold.
   It insulates you from electricity.
   It makes you much less stealthy.
 R - a +2 helmet of intelligence (melded)
 X - a +2 pair of gloves (melded)
Jewellery
 e - a ring of see invisible (left branch)
 h - an uncursed ring of flight {unknown}
 p - an uncursed ring of protection from fire
 C - the amulet of Vitality (around neck) {Regen+ HP+15}
   (You found it in a labyrinth)

   [amulet of regeneration]

   It affects your health (+15).
   It increases your rate of regeneration.
 D - an uncursed ring of protection from magic
 F - the ring of the Ageless Mice (right branch) {Fire +Blink rPois rN++ Str-3}
   (You bought it in a shop on level 2 of the Vaults)

   [ring of fire]

   It enhances your fire magic.
   It affects your strength (-3).
   It protects you from fire.
   It makes you vulnerable to cold.
   It protects you from poison.
   It greatly protects you from negative energy.
   It lets you blink.
 U - the amulet "Eniekinim" {+Rage rF+ rC+ rN++ Int+4}
   (You acquired it on level 4 of the Vaults)

   [amulet of rage]

   It affects your intelligence (+4).
   It protects you from fire.
   It protects you from cold.
   It greatly protects you from negative energy.
   It lets you go berserk.
Wands
 a - a wand of paralysis (27)
 i - a wand of acid (23)
 L - a wand of disintegration (31)
 W - a wand of iceblast (8)
Scrolls
 j - 7 scrolls of enchant armour
 k - 6 scrolls of identify
 l - a scroll of teleportation
 u - 20 scrolls of remove curse
 T - a scroll of silence
 Y - 2 scrolls of magic mapping
Potions
 b - a potion of might
 d - 4 potions of lignification
 w - 4 potions of agility
 B - 3 potions of cancellation
 G - 4 potions of mutation
 I - a potion of resistance
 Q - 13 potions of curing
 S - 4 potions of ambrosia
 V - 3 potions of flight
Miscellaneous
 c - a lamp of fire (inert)
 m - an ornate deck of destruction {drawn: 6}
 n - a phantom mirror
 o - an ornate deck of destruction {drawn: 4}
 s - a plain deck of destruction
 y - a legendary deck of destruction {Vitriol, left: 2}
 A - a plain deck of destruction {drawn: 2}
 H - an ornate deck of destruction {drawn: 6}
 M - an ornate deck of escape {Velocity, left: 4}
 Z - a phial of floods
Comestibles
 f - 20 rations


   Skills:
 + Level 14.2 Fighting
   Level 1.0 Short Blades
 + Level 20.6 Bows
 + Level 15.0 Armour
 + Level 14.1 Dodging
 - Level 1.0 Stealth
 + Level 17.1 Invocations
 + Level 14.4 Evocations


You had 22 spell levels left.
You didn't know any spells.

Dungeon Overview and Level Annotations

Branches:
Dungeon (15/15)            Temple (1/1) D:5            Lair (6/6) D:11
  Swamp (4/4) Lair:2       Spider (4/4) Lair:3        Slime (0/5) Lair:5
    Orc (2/2) D:12            Elf (2/3) Orc:2        Vaults (4/5) D:14
  Crypt (0/3) Vaults:3     Depths (0/5) D:15

Altars:
Ashenzari
Cheibriados
Dithmenos
Elyvilon
Fedhas
Gozag
Hepliaklqana
Kikubaaqudgha
Makhleb
Nemelex Xobeh
Okawaru
Qazlal
Ru
Sif Muna
Trog
Uskayaw
Vehumet
Wu Jian
Xom
Yredelemnul
Zin
The Shining One
Beogh
Jiyva

Shops:
D:6 (   D:8 [   D:15 %!!*   Orc:2 [[(!}   Vaults:1 [*   Vaults:2 =
Vaults:4 ?[

Annotations:
Elf:2 3 runed doors


Innate Abilities, Weirdness & Mutations

[You are very clumsy. (Dex -4)]
[((Armour fits poorly on your strangely shaped body.))]
[You are extremely frail. (-30% HP)]
[You expend magic power (3 MP) to strengthen your wands.]


Message History

The arrow burns the yellow draconian.
The yellow draconian is almost dead.
The sun demon completely misses you.
The yellow draconian throws acid at you.
Helpless, you fail to dodge the glob of acid.
* * * LOW HITPOINT WARNING * * *
The acid corrodes you!
You are splashed with acid!
The acid burns!
* * * LOW HITPOINT WARNING * * *
A starcursed mass splits.
Firing (i - inventory):
r - 46 arrows (quivered)
Press: ? - help, Shift-Dir - straight line, f/p - crimson imp
Aim: a crimson imp (heavily wounded)
You shoot an arrow. The arrow hits the yellow draconian!!
The arrow burns the yellow draconian.
You kill the yellow draconian!
The sun demon hits you.
* * * LOW HITPOINT WARNING * * *
You are engulfed in flames!
You resist.
You die...
Your body glows with a rainbow of weird colours and disappears.

# ## ### .## ...
##. #####.....#
.h. # #.....D .. .
#.. #.. ..#. ..#
#.. # ..###. .# ..
##. ##.## ##. # #
# ..###5..# .. ###
.. .# ..#♣)X##..
...# . .
....*53##.h(Xh..
... .
......b.....X.(..
..
.......d...?.L....
.................
8 ....... ... ....
.. ........... ...
..##......## ... .
# . .. # .. #.


You could see 3 starcursed masses, a lich, a wretched star, a sun demon, 2
raiju, a fire bat, a quasit and a crimson imp.

Vanquished Creatures
  A golden dragon (Vaults:4)
  A tentacled monstrosity (Swamp:1)
  A lich (Vaults:2)
  A sphinx (Vaults:3)
  A shadow dragon (Vaults:4)
  2 thorn hunters
  Donald (Spider:2)
  A storm dragon (Vaults:4)
  A nagaraja (Vaults:4)
  An azure jelly (Swamp:4)
  2 frost giants
  A fire giant (Vaults:3)
  2 deep elf sorcerers
  2 orc warlords
  2 emperor scorpions (Spider:4)
  15 vault wardens
  4 ghost moths
  2 very ugly things
  3 stone giants
  A vampire knight (Vaults:3)
  18 ironheart preservers
  4 entropy weavers
  2 starcursed masses (Abyss:3)
  A deep elf demonologist (Vaults:4)
  A yellow draconian (Abyss:3)
  3 spark wasps
  A minotaur (Lab)
  4 deep elf death magi
  7 fire dragons
  Harold (Lair:4)
  10 yaktaur captains
  2 great orbs of eyes
  3 ghost crabs
  11 hydras
  10 vault guards
  3 ice dragons
  10 alligators
  2 rakshasas
  23 two-headed ogres
  7 centaur warriors
  14 ogre magi
  An anaconda (D:15)
  12 dancing weapons
  A catoblepas (D:15)
  6 deep troll earth magi
  4 death yaks
  2 tengu warriors (D:15)
  A thrashing horror (Abyss:3)
  An orc high priest (Orc:2)
  Urug (D:13)
  Sonja (D:15)
  Nergalle (Lair:1)
  A spatial maelstrom (Abyss:3)
  2 skeletal warriors
  2 sixfirhies (Abyss:3)
  17 deep elf knights
  An unseen horror (shapeshifter) (Vaults:3)
  A glowing orange brain (Vaults:4)
  19 deep trolls
  2 swamp dragons (Swamp:2)
  4 unseen horrors
  A shadow dragon zombie (Abyss:3)
  6 deep elf archers
  A lindwurm (Lair:6)
  2 flayed ghosts
  2 shambling mangroves
  7 wizards
  4 necromancers
  5 harpies
  13 orc knights
  12 ironbrand convokers
  14 orb spiders
  27 wolf spiders
  A phantasmal warrior (Vaults:4)
  26 deep elf magi
  19 ugly things
  2 orc sorcerers
  A tengu skeleton (D:15)
  A manticore (D:12)
  10 cyclopes
  A cyclops (shapeshifter) (Vaults:3)
  A black mamba (Lair:6)
  An apocalypse crab (Abyss:3)
  6 elephants
  3 moths of wrath
  A moth of wrath (shapeshifter) (Vaults:1)
  A spriggan zombie (D:15)
  Joseph (D:10)
  3 centaur zombies
  16 vault sentinels
  3 gargoyles
  A storm dragon simulacrum (Vaults:1)
  A molten gargoyle (Lair:6)
  4 smoke demons (Abyss:3)
  Psyche (D:12)
  An orange demon (Abyss:3)
  13 spiny frogs
  3 efreet
  4 torpor snails
  56 yaktaurs
  7 komodo dragons
  5 freezing wraiths
  A redback zombie (D:13)
  An ancient zyme (Abyss:3)
  2 hellwings (Abyss:3)
  15 demonic crawlers
  A red devil (Abyss:3)
  A queen bee (shapeshifter) (Vaults:3)
  A polar bear (Lair:6)
  2 tyrant leeches
  8 trolls
  21 jumping spiders
  A tengu simulacrum (Vaults:1)
  19 hornets
  19 slime creatures
  4 bog bodies
  A raiju (Abyss:3)
  13 blink frogs
  Grinder (D:6)
  A hippogriff (shapeshifter) (Vaults:1)
  A stone giant simulacrum (Vaults:1)
  9 hippogriffs
  78 redbacks
  5 flying skulls (Abyss:3)
  6 shadows
  A ynoxinul (Abyss:3)
  3 wyverns
  8 wraiths
  34 tarantellas
  2 air elementals (Elf:1)
  2 elf zombies
  A wyvern (shapeshifter) (Vaults:2)
  Sigmund (D:6)
  2 ettin skeletons (Vaults:1)
  An elf skeleton (D:15)
  A vampire (D:14)
  A fire bat (shapeshifter) (Vaults:1)
  3 fire bats (Abyss:3)
  14 yaks
  Eustachio (D:6)
  5 hungry ghosts
  5 basilisks
  2 steam dragons
  3 vampire mosquitoes
  A neqoxec (Abyss:3)
  5 swamp worm simulacra (Swamp:4)
  5 wargs
  6 large abominations
  Menkaure (D:5)
  An ogre zombie (Vaults:1)
  6 insubstantial wisps
  3 acid dragons
  4 hydra simulacra (Swamp:4)
  14 swamp worms
  3 hell hounds (Lair:6)
  9 porcupines
  8 water moccasins
  3 swamp drakes
  40 orc warriors
  2 sky beasts
  A black bear (D:10)
  3 phantoms
  39 ogres
  An eye of draining (D:13)
  An orc zombie (Vaults:1)
  6 wolves
  8 boggarts
  7 centaurs
  3 small abominations (Abyss:3)
  3 big kobolds
  13 crocodiles
  9 bullfrogs
  3 wyvern skeletons (D:14)
  2 scorpions
  8 wights
  A killer bee (D:10)
  An orc simulacrum (Vaults:1)
  A howler monkey (D:4)
  5 electric eels
  A human simulacrum (Vaults:2)
  3 crimson imps
  4 lava snakes (Lair:6)
  2 bullfrog zombies
  A quasit (Abyss:3)
  5 hounds
  25 orc priests
  25 orc wizards
  2 jellies
  Ijyb (D:4)
  Jessica (D:2)
  5 centaur skeletons
  Natasha (thrice) (D:2)
  Terence (D:3)
  2 hell rats
  3 iguanas
  8 worker ants
  2 hound skeletons
  Robin (D:4)
  12 gnolls
  2 river rats (D:10)
  10 adders
  A howler monkey skeleton (D:5)
  2 shadow imps
  15 white imps
  A swamp drake simulacrum (Swamp:4)
  2 oozes
  An adder zombie (D:7)
  2 adder skeletons
  3 worms
  4 dart slugs
  6 leopard geckos
  132 orcs
  7 giant cockroaches
  4 hobgoblins
  3 jackals (D:5)
  17 kobolds
  3 quokkas
  A ball python (D:4)
  6 bats
  8 frilled lizards
  11 goblins
  9 rats
  7 briar patches (Swamp:4)
  3 fungi
1443 creatures vanquished.

Vanquished Creatures (collateral kills)
  Mara (Vaults:4)
  Saint Roka (Vaults:1)
  A golden dragon (Vaults:4)
  A tentacled monstrosity (Vaults:4)
  A sphinx (Vaults:4)
  An Executioner (Abyss:3)
  A tentacled starspawn (Abyss:3)
  A tengu reaver (Vaults:4)
  An azure jelly (Swamp:4)
  A nagaraja (Vaults:4)
  An azure jelly (shapeshifter) (Vaults:4)
  An orc warlord (Orc:2)
  A fire giant (Vaults:3)
  2 deep elf sorcerers (Vaults:4)
  The ghost of letownia2 the Brawler, a journeyman FoAr of Gozag (Spider:1)
  2 vault wardens
  The ghost of Ratty the Markscentaur, a journeyman CeHu of Okawaru (Lair:5)
  A frost giant (Vaults:4)
  2 stone giants (Orc:2)
  3 ironheart preservers
  A dire elephant (Vaults:3)
  A deep elf annihilator (Vaults:1)
  A spark wasp (Vaults:3)
  A deep elf death mage (Elf:1)
  Azrael (D:13)
  An ettin (D:12)
  Snorg (D:10)
  A green death (Abyss:3)
  Josephine (D:10)
  2 great orbs of eyes (Vaults:4)
  Erolcha (D:11)
  A hydra (Lair:4)
  2 ice dragons (Swamp:4)
  2 vault guards (Vaults:4)
  A death knight (Vaults:2)
  A two-headed ogre (Vaults:3)
  3 death yaks (Lair:5)
  6 dancing weapons
  3 thrashing horrors (Abyss:3)
  An orc high priest (Orc:2)
  3 alligators
  2 deep elf knights
  6 large abominations
  A spriggan (Swamp:2)
  A sixfirhy (Abyss:3)
  A skeletal warrior (D:15)
  A swamp dragon (Vaults:4)
  An ironbrand convoker (Vaults:4)
  A deep elf archer (Elf:1)
  2 necromancers
  3 orb spiders (Spider:2)
  A manticore (D:11)
  2 orc knights
  5 wolf spiders
  4 deep elf magi
  A cyclops (Vaults:2)
  A centaur zombie (D:15)
  Maurice (D:10)
  2 elephants (Lair:5)
  2 black mambas
  A molten gargoyle (Lair:6)
  2 gargoyles (Lab)
  3 smoke demons (Abyss:3)
  A centaur skeleton (D:11)
  3 komodo dragons
  4 freezing wraiths
  4 demonic crawlers
  2 yaktaurs
  2 hornets
  A troll (D:9)
  An ancient zyme (Abyss:3)
  4 jumping spiders
  Prince Ribbit (Lair:2)
  2 tyrant leeches
  7 blink frogs
  A raiju (Abyss:3)
  A hippogriff (D:11)
  17 redbacks
  An air elemental (Elf:1)
  3 tarantellas
  A ynoxinul (Abyss:3)
  2 wraiths
  A yak (Vaults:3)
  A vampire (D:10)
  2 basilisks (Lab)
  A fire elemental (D:13)
  A vampire mosquito (Swamp:1)
  A swamp worm simulacrum (Swamp:4)
  An acid dragon (D:15)
  9 insubstantial wisps
  A soldier ant (shapeshifter) (Vaults:2)
  2 swamp worms
  7 hydra simulacra (Swamp:4)
  A floating eye (shapeshifter) (Vaults:2)
  4 hell hounds (D:13)
  3 orc warriors
  3 swamp drakes
  6 ogres
  5 starcursed masses (Abyss:3)
  2 centaurs
  An electric eel (D:10)
  A quasit (Abyss:3)
  4 orc priests
  2 orc wizards
  A gnoll shaman (D:6)
  A worker ant (D:8)
  3 gnolls (D:6)
  An adder (D:8)
  A shadow imp (Spider:1)
  An ooze (D:3)
  A swamp drake simulacrum (Swamp:4)
  14 orcs
  3 goblins (D:4)
  A fungus (Lair:4)
  2 plants (Lair:4)
250 creatures vanquished.

Vanquished Creatures (others)
  A crystal guardian (Vaults:4)
  A tengu warrior (D:15)
  An unseen horror (D:10)
  2 deep trolls (Vaults:3)
  An orc sorcerer (Orc:2)
  A wolf spider (Spider:2)
  An elephant (Lair:5)
  An apocalypse crab (Abyss:3)
  A komodo dragon (Lair:6)
  5 tarantellas (Spider:2)
  A redback (Spider:2)
  A hungry ghost (D:7)
  4 vampire mosquitoes (Swamp:4)
  2 wargs (Orc:2)
  A hydra simulacrum (Swamp:4)
  An insubstantial wisp (Swamp:2)
  A porcupine (Lair:5)
  2 swamp drakes
  4 orc warriors (Orc:2)
  A starcursed mass (Abyss:3)
  An orc priest (Orc:2)
  An orc wizard (Orc:2)
  A killer bee zombie (D:8)
  An adder (D:2)
  3 ball lightnings
  A leopard gecko (D:1)
  6 orcs
  A kobold (D:1)
  3 fungi
  3 starspawn tentacles (Abyss:3)
54 creatures vanquished.

Grand Total: 1747 creatures vanquished

Notes
Turn   | Place    | Note
-------+----------+-------------------------------------------
     0 | D:1      | komo4ek the Human Artificer began the quest for the Orb.
     0 | D:1      | Reached XP level 1. HP: 15/15 MP: 3/3
   142 | D:1      | Reached XP level 2. HP: 21/21 MP: 4/4
   454 | D:1      | Reached XP level 3. HP: 22/26 MP: 4/6
  1434 | D:2      | Reached XP level 4. HP: 32/32 MP: 7/7
  1446 | D:2      | Noticed Natasha
  1472 | D:2      | Killed Natasha
  1562 | D:2      | Reached skill level 5 in Evocations
  2021 | D:2      | Found a bloodstained altar of Trog.
  2153 | D:2      | Reached XP level 5. HP: 37/37 MP: 8/8
  2177 | D:2      | Noticed Jessica
  2181 | D:2      | Killed Jessica
  2188 | D:2      | Noticed Natasha
  2391 | D:2      | Killed Natasha
  2391 | D:2      | Reached XP level 6. HP: 14/43 MP: 10/10
  2811 | D:2      | Noticed Natasha
  2821 | D:2      | Killed Natasha
  3079 | D:3      | Found a deep blue altar of Sif Muna.
  3599 | D:3      | Noticed Ijyb
  3643 | D:3      | Found a shadowy altar of Dithmenos.
  4151 | D:3      | Noticed Terence
  4196 | D:3      | Killed Terence
  4597 | D:4      | Reached XP level 7. HP: 37/48 MP: 12/12
  4736 | D:4      | Found a shimmering altar of Xom.
  4958 | D:4      | Noticed Robin
  5015 | D:4      | Killed Robin
  5085 | D:4      | Found an ancient bone altar of Kikubaaqudgha.
  5758 | D:4      | Found a shattered altar of Ashenzari.
  5760 | D:4      | Found a sparkling altar of Nemelex Xobeh.
  5874 | D:5      | Entered Level 5 of the Dungeon
  6032 | D:6      | Noticed Sigmund
  6041 | D:5      | Reached skill level 1 in Armour
  6209 | D:5      | Found a staircase to the Ecumenical Temple.
  6216 | Temple   | Entered the Ecumenical Temple
  6930 | D:4      | Killed Ijyb
  6932 | D:4      | Found an ornate altar of the Wu Jian Council.
  6936 | D:4      | Became a worshipper of Nemelex Xobeh the Trickster
  7056 | D:5      | Noticed Menkaure
  7056 | D:5      | Killed Menkaure
  7056 | D:5      | Reached XP level 8. HP: 55/55 MP: 14/14
  7304 | D:6      | Noticed Grinder
  7305 | D:6      | Killed Grinder
  7387 | D:6      | Received a gift from Nemelex Xobeh
  8002 | D:6      | Killed Sigmund
  8002 | D:6      | Reached skill level 5 in Armour
  8109 | D:6      | Noticed Eustachio
  8110 | D:6      | Killed Eustachio
  8110 | D:6      | Reached XP level 9. HP: 61/64 MP: 15/15
  8129 | D:6      | Reached * piety under Nemelex Xobeh
  8615 | D:6      | Found Noeraq's Weapon Emporium.
  9543 | D:7      | Reached skill level 1 in Bows
  9718 | D:7      | Received a gift from Nemelex Xobeh
  9728 | D:7      | Found a glowing golden altar of the Shining One.
  9779 | D:7      | Reached ** piety under Nemelex Xobeh
 10008 | D:8      | Reached skill level 1 in Invocations
 10046 | D:8      | Found a white marble altar of Elyvilon.
 10072 | D:8      | Reached skill level 2 in Bows
 10250 | D:8      | Reached skill level 3 in Bows
 10537 | D:8      | Reached skill level 4 in Bows
 10694 | D:8      | Reached XP level 10. HP: 69/71 MP: 16/16
 10911 | D:8      | Found Iheluat's Armour Shop.
 10912 | D:8      | Received a gift from Nemelex Xobeh
 11100 | D:9      | Reached skill level 5 in Bows
 11195 | D:9      | Reached *** piety under Nemelex Xobeh
 11277 | D:9      | Found a glowing silver altar of Zin.
 11298 | D:9      | Noticed a two-headed ogre
 11383 | D:9      | Killed a two-headed ogre
 11383 | D:9      | Reached skill level 6 in Bows
 11675 | D:9      | Found a radiant altar of Vehumet.
 11727 | D:9      | Reached skill level 5 in Invocations
 12050 | D:9      | Found a bloodstained altar of Trog.
 12053 | D:9      | Received a gift from Nemelex Xobeh
 12215 | D:10     | Entered Level 10 of the Dungeon
 12215 | D:10     | Noticed Joseph
 12225 | D:10     | Killed Joseph
 12225 | D:10     | Reached skill level 7 in Bows
 12654 | D:10     | Reached skill level 8 in Bows
 12771 | D:10     | Noticed a two-headed ogre
 12788 | D:10     | Killed a two-headed ogre
 12788 | D:10     | Reached XP level 11. HP: 69/77 MP: 17/17
 13144 | D:10     | Reached skill level 9 in Bows
 13534 | D:10     | Noticed Erolcha
 13884 | D:10     | Noticed Snorg
 13929 | D:10     | Killed Snorg
 14201 | D:10     | Received a gift from Nemelex Xobeh
 14236 | D:10     | Noticed Josephine
 14624 | D:11     | Reached **** piety under Nemelex Xobeh
 15146 | D:10     | Reached skill level 10 in Bows
 15329 | D:10     | Killed Josephine
 15416 | D:11     | Noticed a manticore
 15418 | D:11     | Received a gift from Nemelex Xobeh
 15427 | D:11     | Killed Erolcha
 15434 | D:11     | Killed a manticore
 15462 | D:11     | Noticed a death yak
 16261 | D:11     | Noticed a death yak
 16296 | D:12     | Noticed an ettin
 16304 | D:12     | Killed an ettin
 16304 | D:12     | Reached skill level 11 in Bows
 16339 | D:13     | Noticed a centaur warrior
 16342 | D:13     | Killed a centaur warrior
 16345 | D:13     | Noticed Urug
 16348 | D:13     | Killed Urug
 16348 | D:13     | Reached XP level 12. HP: 67/83 MP: 18/18
 16404 | D:11     | Noticed a death yak
 16799 | D:11     | Killed a death yak
 16900 | D:11     | Received a gift from Nemelex Xobeh
 16993 | D:11     | Noticed Maurice
 17002 | D:11     | Paralysed by something for 6 turns
 17010 | D:11     | Paralysed by something for 6 turns
 17048 | D:10     | Killed Maurice
 17145 | D:11     | Found a staircase to the Lair.
 17544 | D:10     | Killed an unseen horror
 17544 | D:10     | Reached skill level 12 in Bows
 17780 | D:11     | Received a gift from Nemelex Xobeh
 17924 | Lair:1   | Entered Level 1 of the Lair of Beasts
 17924 | Lair:1   | Found a labyrinth entrance.
 17927 | Lab      | Entered a labyrinth
 18207 | Lab      | Found the amulet of Vitality {Regen+ HP+15}
 18582 | Lab      | Found an exit through the horrors of the Abyss.
 18642 | Lab      | Reached skill level 10 in Invocations
 18681 | Lab      | Killed an unseen horror
 18688 | Lab      | Reached skill level 13 in Bows
 18835 | Lab      | Noticed a minotaur
 18847 | Lab      | Killed a minotaur
 18871 | Lab      | Identified The Second Course in Magic
 19170 | Lair:1   | Reached ***** piety under Nemelex Xobeh
 19348 | Lair:1   | Noticed Nergalle
 19363 | Lair:1   | Killed Nergalle
 19418 | Lair:1   | Reached XP level 13. HP: 88/88 MP: 20/20
 19899 | Lair:2   | Reached skill level 14 in Bows
 20059 | Lair:2   | Received a gift from Nemelex Xobeh
 20063 | Lair:2   | Noticed Prince Ribbit
 20075 | Lair:2   | Killed Prince Ribbit
 20095 | Lair:2   | Found a staircase to the Swamp.
 20297 | Lair:2   | Received a gift from Nemelex Xobeh
 20877 | Lair:3   | Received a gift from Nemelex Xobeh
 21167 | Lair:3   | Reached skill level 15 in Bows
 21181 | Lair:3   | Found a hole to the Spider Nest.
 21186 | Lair:3   | Received a gift from Nemelex Xobeh
 21995 | Lair:4   | Noticed Harold
 22012 | Lair:4   | Killed Harold
 22288 | Lair:4   | Received a gift from Nemelex Xobeh
 22506 | Lair:4   | Noticed a seven-headed hydra
 22512 | Lair:4   | Killed a seven-headed hydra
 22762 | Lair:5   | Reached skill level 5 in Fighting
 22762 | Lair:5   | Reached skill level 5 in Dodging
 23070 | Lair:5   | Found a glowing golden altar of the Shining One.
 23102 | Lair:5   | Received a gift from Nemelex Xobeh
 23200 | Lair:5   | Found a staircase to the Slime Pits.
 23202 | Lair:5   | Found a viscous altar of Jiyva.
 23233 | Lair:5   | Noticed Ratty's ghost (journeyman CeHu)
 23260 | Lair:5   | Noticed an eight-headed hydra
 23515 | Lair:5   | Killed an eight-headed hydra
 23623 | Lair:5   | Killed Ratty's ghost
 23623 | Lair:5   | Reached XP level 14. HP: 75/98 MP: 21/21
 23923 | Lair:6   | Entered Level 6 of the Lair of Beasts
 23923 | Lair:6   | Received a gift from Nemelex Xobeh
 24498 | Lair:6   | Received a gift from Nemelex Xobeh
 24577 | Lair:6   | Reached skill level 16 in Bows
 24629 | Lair:6   | Found a large runed door.
 24631 | Lair:6   | Found a large runed door.
 25170 | Lair:6   | Received a gift from Nemelex Xobeh
 25903 | D:12     | Found a staircase to the Orcish Mines.
 26003 | D:12     | Found a radiant altar of Vehumet.
 26022 | D:12     | Noticed Psyche
 26030 | D:12     | Killed Psyche
 26204 | D:12     | Received a gift from Nemelex Xobeh
 26525 | Orc:1    | Entered Level 1 of the Orcish Mines
 26621 | Orc:1    | Reached skill level 17 in Bows
 26663 | Orc:1    | Found a flagged portal.
 26679 | Bailey   | Entered a bailey
 26956 | Bailey   | Received a gift from Nemelex Xobeh
 27304 | Orc:2    | Entered Level 2 of the Orcish Mines
 27304 | Orc:2    | Reached ****** piety under Nemelex Xobeh
 27306 | Orc:2    | Noticed an orc warlord
 27330 | Orc:1    | Killed an orc warlord
 27459 | Orc:2    | Found a staircase to the Elven Halls.
 27477 | Orc:2    | Reached XP level 15. HP: 104/104 MP: 23/23
 27524 | Orc:2    | Received a gift from Nemelex Xobeh
 27534 | Orc:2    | Found Bomulot's Antique Armour Shop.
 27711 | Orc:2    | Found a roughly hewn altar of Beogh.
 27939 | Orc:2    | Noticed an orc warlord
 27975 | Orc:2    | Noticed a stone giant
 27978 | Orc:2    | Killed an orc warlord
 27985 | Orc:2    | Killed a stone giant
 28102 | Orc:2    | Found a roughly hewn altar of Beogh.
 28102 | Orc:2    | Found Kanoyni's Antique Armour Shop.
 28104 | Orc:2    | Found Mualac's Antique Weapon Boutique.
 28271 | Orc:2    | Found a roughly hewn altar of Beogh.
 28295 | Orc:2    | Reached skill level 18 in Bows
 28316 | Orc:2    | Found Ziyhixto's Gadget Emporium.
 28400 | Orc:2    | Noticed a stone giant
 28412 | Orc:2    | Killed a stone giant
 28612 | Orc:2    | Found a roughly hewn altar of Beogh.
 28689 | Orc:2    | Found a roughly hewn altar of Beogh.
 28844 | Orc:2    | Found Hacsymerch's Distillery.
 28853 | Orc:2    | Bought a potion of heal wounds for 50 gold pieces
 28853 | Orc:2    | Bought a potion of curing for 30 gold pieces
 28853 | Orc:2    | Bought a potion of might for 40 gold pieces
 28969 | Orc:2    | Bought a smelly chain mail for 237 gold pieces
 28969 | Orc:2    | Bought the +1 cloak of Starlight {rElec rC+ EV+4 Stlth--} for 1112 gold pieces
 28969 | Orc:2    | Found the +1 cloak of Starlight {rElec rC+ EV+4 Stlth--}
 28991 | Orc:2    | Identified the +6 chain mail of Loij {rC+ Str+2} (You bought it in a shop on level 2 of the Orcish Mines)
 29192 | D:8      | Bought the +1 scale mail "Fimurch" {rPois rF- rCorr Str+3} for 276 gold pieces
 29338 | D:13     | Received a gift from Nemelex Xobeh
 29824 | D:13     | Noticed Azrael
 29837 | D:13     | Killed Azrael
 30231 | D:14     | Found a shattered altar of Ashenzari.
 30324 | D:14     | Reached skill level 19 in Bows
 30826 | D:14     | Received a gift from Nemelex Xobeh
 31068 | D:14     | Found a gate to the Vaults.
 31331 | D:15     | Entered Level 15 of the Dungeon
 31434 | D:15     | Noticed Sonja
 31440 | D:15     | Killed Sonja
 31497 | D:15     | Reached XP level 16. HP: 95/110 MP: 24/24
 31696 | D:15     | Found a staircase to the Depths.
 31785 | D:15     | Reached skill level 20 in Bows
 31850 | D:15     | Received a gift from Nemelex Xobeh
 31853 | D:15     | Found Moiph's Distillery.
 31868 | D:15     | Bought a potion of might for 68 gold pieces
 31868 | D:15     | Bought a potion of curing for 51 gold pieces
 31868 | D:15     | Bought a potion of curing for 51 gold pieces
 31868 | D:15     | Bought 2 potions of curing for 102 gold pieces
 31970 | D:15     | Found Qaevad's Food Boutique.
 32092 | D:15     | Found a shattered altar of Ashenzari.
 32128 | D:15     | Found Etaschan's Assorted Antiques.
 32331 | D:15     | Found Hoogh's Distillery.
 32350 | D:15     | Bought a potion of agility for 68 gold pieces
 32350 | D:15     | Bought a potion of heal wounds for 85 gold pieces
 32604 | Swamp:1  | Entered Level 1 of the Swamp
 33231 | Swamp:1  | Received a gift from Nemelex Xobeh
 33453 | Swamp:1  | Noticed a tentacled monstrosity
 33485 | Swamp:1  | Killed a tentacled monstrosity
 33742 | Swamp:2  | Noticed a thorn hunter
 33899 | Swamp:2  | Killed a thorn hunter
 34009 | Swamp:2  | Reached skill level 10 in Evocations
 34123 | Swamp:2  | Reached XP level 17. HP: 120/120 MP: 25/25
 34233 | Swamp:2  | Received a gift from Nemelex Xobeh
 34823 | Swamp:3  | Received a gift from Nemelex Xobeh
 34872 | Swamp:4  | Entered Level 4 of the Swamp
 35450 | Swamp:4  | Received a gift from Nemelex Xobeh
 35532 | Swamp:4  | Got a decaying rune of Zot
 35931 | Swamp:4  | Noticed a thorn hunter
 35946 | Swamp:4  | Killed a thorn hunter
 36924 | Elf:1    | Entered Level 1 of the Elven Halls
 37051 | Elf:1    | Reached skill level 10 in Armour
 37505 | Elf:1    | Received a gift from Nemelex Xobeh
 38141 | Elf:1    | Identified the Disquisition on Stolen Souls
 38333 | Spider:1 | Entered Level 1 of the Spider Nest
 38603 | Spider:1 | Noticed letownia2's ghost (journeyman FoAr)
 38619 | Spider:1 | Killed letownia2's ghost
 38641 | Spider:1 | Reached XP level 18. HP: 132/132 MP: 27/27
 38728 | Spider:1 | Received a gift from Nemelex Xobeh
 39194 | Spider:1 | Received a gift from Nemelex Xobeh
 39836 | Spider:2 | Received a gift from Nemelex Xobeh
 39841 | Spider:2 | Noticed Donald
 40043 | Spider:2 | Killed Donald
 40755 | Spider:3 | Reached skill level 10 in Fighting
 40795 | Spider:3 | Reached skill level 10 in Dodging
 40921 | Spider:3 | Received a gift from Nemelex Xobeh
 41423 | Spider:3 | Received a gift from Nemelex Xobeh
 41961 | Spider:4 | Entered Level 4 of the Spider Nest
 42453 | Spider:4 | Received a gift from Nemelex Xobeh
 42951 | Spider:4 | Reached XP level 19. HP: 133/142 MP: 29/29
 44120 | Spider:4 | Got a gossamer rune of Zot
 44453 | Vaults:1 | Entered Level 1 of the Vaults
 45571 | Vaults:1 | Noticed Saint Roka
 45588 | Vaults:1 | Killed Saint Roka
 46117 | Vaults:1 | Found Gero's Armour Boutique.
 46288 | Vaults:1 | Found Rokkis's General Store.
 46309 | Vaults:1 | Reached XP level 20. HP: 59/151 MP: 31/31
 46411 | Vaults:1 | Bought a scroll of blinking for 120 gold pieces
 46411 | Vaults:1 | Bought 22 arrows for 70 gold pieces
 46487 | Vaults:1 | Received a gift from Nemelex Xobeh
 47160 | Vaults:2 | Found Bul Fuchu's Jewellery Shoppe.
 47198 | Vaults:2 | Reached skill level 15 in Invocations
 47347 | Vaults:2 | Paralysed by a floating eye for 3 turns
 47579 | Vaults:2 | Received a gift from Nemelex Xobeh
 48240 | Vaults:2 | Received a gift from Nemelex Xobeh
 48426 | Vaults:2 | Bought the ring of the Ageless Mice {Fire +Blink rPois rN++ Str-3} for 711 gold pieces
 48768 | Vaults:2 | Received a gift from Nemelex Xobeh
 49051 | Vaults:3 | Reached XP level 21. HP: 130/160 MP: 32/32
 49146 | Vaults:3 | Paralysed by a sphinx for 7 turns
 49583 | Vaults:3 | Found a staircase to the Crypt.
 50566 | Vaults:3 | Received a gift from Nemelex Xobeh
 51111 | Vaults:4 | Identified a scroll of acquirement
 51115 | Vaults:4 | Got a steaming steel amulet
 51117 | Vaults:4 | Identified the amulet "Eniekinim" {+Rage rF+ rC+ rN++ Int+4} (You acquired it on level 4 of the Vaults)
 51492 | Vaults:4 | Found Ohisouf's Magic Scroll Shoppe.
 51507 | Vaults:4 | Bought a scroll of blinking for 135 gold pieces
 51555 | Vaults:4 | Found Rurphist's Armour Shoppe.
 51801 | Vaults:4 | Reached XP level 22. HP: 136/169 MP: 34/34
 51937 | Vaults:4 | Noticed a golden dragon
 51948 | Vaults:4 | Noticed Mara
 51951 | Vaults:4 | Noticed komo4ek's illusion
 51952 | Vaults:4 | Killed a golden dragon
 52030 | Vaults:4 | Noticed komo4ek's illusion
 52036 | Vaults:4 | Killed Mara
 52151 | Vaults:4 | Received a gift from Nemelex Xobeh
 52328 | Vaults:4 | Identified the +2 plate armour of the Great Game {rF- rCorr Str+4 SInv} (You found it on level 4 of the Vaults)
 52861 | Vaults:4 | Noticed a golden dragon
 52879 | Vaults:4 | Found an opulent altar of Gozag.
 53467 | Vaults:4 | Killed a golden dragon
 53974 | Elf:2    | Found a runed gate.
 53974 | Elf:2    | Found a runed gate.
 53975 | Elf:2    | Found a runed gate.
 54079 | Elf:2    | Reached XP level 23. HP: 95/178 MP: 35/35
 54119 | Elf:2    | Cast into level 3 of the Abyss (a deep elf demonologist)
 54332 | Abyss:3  | Paralysed by you for 3 turns
 54381 | Abyss:3  | Reached skill level 15 in Armour
 54399 | Abyss:3  | Received a gift from Nemelex Xobeh
 54587 | Abyss:3  | Paralysed by accursed screaming for 2 turns
 54597 | Abyss:3  | Paralysed by accursed screaming for 2 turns
 54605 | Abyss:3  | HP: 7/193 [starcursed mass/accursed screaming (9)]
 54636 | Abyss:3  | Received a gift from Nemelex Xobeh
 54675 | Abyss:3  | HP: 7/208 [acid (13)]
 54676 | Abyss:3  | Slain by a sun demon

Skill      XL: |  1  2  3  4  5  6  7  8  9 10 11 12 13 14 15 16 17 18 19 20 21 22 23 |
---------------+----------------------------------------------------------------------+-----
Evocations     | 4 5 6 7 8 9 10 11 12 13 14 | 14.4
Armour         | 2 5 6 7 9 10 11 12 13 14 15 | 15.0
Fighting       | 3 4 5 7 9 10 11 12 13 14 | 14.2
Dodging        | 3 4 5 7 9 10 11 12 13 14 | 14.1
Bows           | 4 8 11 13 15 17 19 20 | 20.6
Invocations    | 3 6 9 10 11 13 14 15 16 17 | 17.1
Short Blades   | |  1.0
Stealth        | |  1.0

Action                   |  1- 3 |  4- 6 |  7- 9 | 10-12 | 13-15 | 16-18 | 19-21 | 22-24 || total
-------------------------+-------+-------+-------+-------+-------+-------+-------+-------++-------
Melee: Short sword       |   107 |    65 |       |       |       |       |       |       ||   172
       Club              |       |    71 |    56 |   123 |       |       |       |       ||   250
       Dagger            |       |    20 |   361 |     9 |       |       |       |       ||   390
       Unarmed           |       |       |     3 |       |       |   171 |       |       ||   174
       Longbow           |       |       |       |     2 |     2 |     4 |       |       ||     8
 Fire: Shortbow          |       |       |    36 |   325 |       |       |       |       ||   361
       Longbow           |       |       |       |   188 |  1186 |  1322 |  1593 |   638 ||  4927
Invok: Stack Five        |       |       |       |       |     4 |     3 |     1 |     2 ||    10
 Abil: Evoke Blink       |       |       |       |       |       |       |       |     2 ||     2
Evoke: Wand              |    13 |    19 |    33 |    37 |    18 |     1 |       |       ||   121
       Deck              |       |       |     7 |    44 |    43 |    57 |    46 |    33 ||   230
       Lamp of fire      |       |       |       |       |       |     3 |     5 |     2 ||    10
       Phial of floods   |       |       |       |       |       |       |     4 |     1 ||     5
  Use: Potion            |       |     3 |       |     2 |     2 |       |     3 |    15 ||    25
       Scroll            |       |       |     6 |    17 |    19 |     9 |     9 |     9 ||    69
 Stab: Sleeping          |     2 |     4 |       |       |       |       |       |       ||     6
       Paralysed         |       |     8 |       |     4 |       |       |       |       ||    12
       Petrified         |       |       |     1 |       |       |       |       |       ||     1
       Betrayed ally     |       |       |     1 |       |       |       |       |       ||     1
  Eat: Ration            |     1 |     1 |     4 |    10 |     9 |    10 |     7 |     2 ||    44
       Chunk             |       |     5 |     7 |     8 |     5 |     4 |       |       ||    29
Armor: Leather armour    |    48 |    25 |       |       |       |       |       |       ||    73
       Scale mail        |       |       |   176 |   188 |       |   270 |   110 |       ||   744
       Skin              |       |       |       |    20 |       |       |       |    16 ||    36
       Plate armour      |       |       |       |    16 |   294 |       |       |       ||   310
       Chain mail        |       |       |       |       |    80 |    97 |   307 |   354 ||   838
Dodge: Dodged            |    72 |    99 |   199 |   186 |   190 |   623 |   591 |   384 ||  2344
Block: Other             |       |       |     4 |    20 |       |       |       |       ||    24
